Map: Ley Lines

Players

KimChiLoVer - Winner!

  • Race: Terran Terran
  • League: Diamond
  • Spawn Location: 1:00

VOD

Have the link to the VOD?

Description

Time

  • Played on: Aug. 23, 2025, 10:25 a.m.
  • Length: 9:54
Show
View Real Time Build Order
Export as new Build Order

KimChiLoVer Terran - Winner!

Build Orders: Reaper Expand 

Get SALT Encoding   

  12  0:02  SCV  
  12  0:14  SCV  
  12  0:18  Supply Depot  
  12  0:27  SCV  
  12  0:40  SCV  
  12  0:41  Barracks  
  12  0:45  Refinery  
  12  0:53  SCV  
  12  1:06  SCV  
  12  1:18  SCV  
  12  1:30  Orbital Command  
  12  1:31  Reaper  
  12  1:40  Command Center  
  12  1:51  Supply Depot  
  12  1:56  SCV  
  12  2:03  Marine  
  12  2:05  Factory  
  12  2:09  Refinery  
  12  2:11  SCV  
  12  2:25  Barracks Reactor  
  12  2:27  Barracks  
  12  2:29  SCV  
  12  2:37  Barracks  
  12  2:41  SCV  
  12  2:50  Factory Tech Lab  
  12  2:52  Orbital Command  
  12  2:55  SCV  
  12  3:03  Marine x2  
  12  3:08  SCV  
  12  3:19  SCV  
  12  3:20  SCV  
  12  3:32  Command Center  
  12  3:33  SCV  
  12  3:36  Stimpack  
  12  3:37  Marine  
  12  3:41  SCV  
  12  3:46  SCV  
  12  3:49  Marine  
  12  3:52  Starport, Factory Reactor  
  12  3:54  SCV  
  12  3:59  Engineering Bay  
  12  4:04  Engineering Bay  
  12  4:08  SCV  
  12  4:09  SCV  
  12  4:11  Marine x2  
  12  4:15  Marine  
  12  4:16  Marine  
  12  4:22  SCV  
  12  4:24  SCV  
  12  4:36  SCV  
  12  4:38  Factory Tech Lab  
  12  4:43  Marine x2, Medivac x2  
  12  4:44  Supply Depot, SCV  
  12  4:45  Terran Infantry Weapons Level 1  
  12  4:47  Terran Infantry Armor Level 1  
  12  4:51  Orbital Command  
  12  4:54  SCV  
  12  4:55  Marine  
  12  4:56  SCV  
  12  5:04  Barracks  
  12  5:08  Barracks  
  12  5:11  SCV x2  
  12  5:14  Refinery  
  12  5:17  Refinery  
  12  5:19  Supply Depot  
  12  5:23  SCV  
  12  5:24  Siege Tank  
  12  5:30  Barracks Tech Lab  
  12  5:31  Combat Shield  
  12  5:34  SCV  
  12  5:35  SCV  
  12  5:39  SCV  
  12  5:41  Marine x3  
  12  5:47  Armory  
  12  5:48  SCV  
  12  5:50  Marauder, Concussive Shells  
  12  5:51  Orbital Command  
  12  5:53  Barracks Reactor  
  12  5:59  Marine x3  
  12  6:00  SCV  
  12  6:08  Supply Depot  
  12  6:13  Supply Depot, Siege Tank  
  12  6:16  Marine, Medivac, Supply Depot  
  12  6:23  SCV x3  
  12  6:34  Barracks Tech Lab  
  12  6:35  Marine x4  
  12  6:40  Terran Infantry Weapons Level 2  
  12  6:45  Marine x2, Siege Tank  
  12  6:49  Terran Infantry Armor Level 2  
  12  6:53  Marine x4  
  12  6:55  SCV, Supply Depot  
  12  7:01  Supply Depot  
  12  7:03  Marine x2, Supply Depot  
  12  7:04  Marauder  
  12  7:06  SCV x2  
  12  7:13  Barracks  
  12  7:14  Barracks  
  12  7:15  SCV  
  12  7:16  Barracks  
  12  7:18  SCV x2  
  12  7:21  Siege Tank  
  12  7:24  Terran Vehicle And Ship Armor Level 1  
  12  7:27  SCV  
  12  7:29  Supply Depot  
  12  7:31  SCV x2  
  12  7:35  Marine x2, Marauder  
  12  7:37  Marine  
  12  7:44  Starport  
  12  7:53  Medivac, Siege Tank  
  12  7:54  Marine x3  
  12  7:55  Marine x3  
  12  7:56  Marine  
  12  7:57  SCV  
  12  7:59  Refinery  
  12  8:00  Refinery  
  12  8:03  Supply Depot  
  12  8:06  Supply Depot  
  12  8:07  Medivac  
  12  8:12  Marine, Barracks Tech Lab  
  12  8:13  Marine x4, Marauder x2  
  12  8:22  Starport Reactor  
  12  8:24  Supply Depot  
  12  8:26  Supply Depot  
  12  8:29  Supply Depot  
  12  8:30  SCV  
  12  8:31  SCV  
  12  8:34  Barracks Reactor  
  12  8:35  Barracks Tech Lab  
  12  8:36  Marine x2, Marauder x2  
  12  8:37  Marine x4  
  12  8:38  Viking  
  12  8:41  Viking  
  12  8:54  Marine  
  12  8:57  Command Center  
  12  8:58  Marine x5  
  12  8:59  Siege Tank  
  12  9:13  Supply Depot  
  12  9:14  Marine, Marauder x3  
  12  9:24  Marine x4, Marauder x2  
Tags
 
Add a new tag
Caveats
  • Supply blocks, unpowered buildings, or Contaminate may cause inaccurate times.
  • Supply counts are checked every 10 seconds.